 Dungeon Crawl Stone Soup version 0.24.1 (webtiles) character file.

Game seed: 7229904057118143360, levelgen mode: deterministic

250 Curus the Cleaver (level 5, -11/42 HPs)
             Began as a Minotaur Gladiator on Mar 30, 2020.
             Killed by nerve-wracking pain
             ... invoked by Grinder
              (14 damage)
             ... on level 4 of the Dungeon.
             The game lasted 00:10:39 (2686 turns).

Curus the Cleaver (Minotaur Gladiator)              Turns: 2686, Time: 00:10:39

Health: -11/42     AC:  6    Str: 19    XL:     5   Next: 88%
Magic:  4/4        EV: 12    Int:  6    God:
Gold:   136        SH:  5    Dex: 11    Spells: 4/4 levels left

rFire    . . .     SeeInvis .   a - +1 war axe
rCold    . . .     Gourm    .   (no shield)
rNeg     . . .     Faith    .   g - +0 ring mail
rPois    .         Spirit   .   c - +1 hat
rElec    .         Reflect  +   (no cloak)
rCorr    .         Harm     .   (no gloves)
MR       .....                  (no boots)
Stlth    +.........             m - +5 amulet of reflection
HPRegen  0.14/turn              (no ring)
MPRegen  0.09/turn              (no ring)

@: no status effects
A: retaliatory headbutt, horns 2
a: no special abilities


You were on level 4 of the Dungeon.
You were hungry.

You visited 1 branch of the dungeon, and saw 4 of its levels.

You collected 136 gold pieces.

Inventory:

Hand Weapons
 a - a +1 war axe (weapon)
Missiles
 d - 3 throwing nets (quivered)
Armour
 b - a +0 leather armour
 c - a +1 hat (worn)
 g - a +0 ring mail (worn)
Jewellery
 e - an uncursed amulet of the acrobat
 m - a +5 amulet of reflection (around neck)
Wands
 k - a wand of disintegration (6)
Scrolls
 h - a scroll of remove curse
 j - 3 scrolls of teleportation
 l - a scroll of identify
Potions
 i - 2 potions of flight
 o - a potion of brilliance
 p - a potion of agility
Comestibles
 f - 8 rations


   Skills:
 - Level 2.4 Fighting
 + Level 8.0 Axes
 - Level 2.0 Throwing
 - Level 3.2 Dodging


You had 4 spell levels left.
You didn't know any spells.
Your spell library was empty.

Dungeon Overview and Level Annotations

Branches:
Dungeon (4/15)
 Temple: D:4-7

Altars:
Vehumet
Yredelemnul
The Shining One

Annotations:
D:4 exclusion: statue, Grinder


Innate Abilities, Weirdness & Mutations

You reflexively headbutt those who attack you in melee.
You have a pair of horns on your head.


Message History

You feel sick.
Grinder blinks!
Grinder blinks!
You feel sick.
Grinder says, "Wait up."
You barely miss Grinder.
You feel sick. Grinder hits you but does no damage.
You closely miss Grinder.
Grinder blinks!
You feel sick.
Grinder says, "What is the universe for?"
Grinder gestures at you. Pain shoots through your body!
You feel sick. Grinder gestures at you. Pain shoots through your body!
* * * LOW HITPOINT WARNING * * *
You feel sick.
You are no longer poisoned.
Grinder grins, showing sharp teeth.
Grinder gestures at you. Pain shoots through your body!
You die...

(.#...# #.#...#
..#...#########.....#
###...5.............#
..........#5..###...#
..........#.........# ....
..........#...†.....# ....
..........#.........#
.....
..........#.........+
.....
..........#.....@...#.....
..........#########+#....
####...............#
#........†....<.#
#...............#
#...............+
#...............#
#...............#
#########.........


You could see Grinder.

Vanquished Creatures
  A scorpion (D:4)
  A howler monkey (D:4)
  2 worker ants (D:4)
  Robin (D:2)
  An adder (D:2)
  A shadow imp (D:2)
  An ooze (D:2)
  A worm (D:3)
  4 dart slugs
  3 leopard geckos
  A ball python (D:1)
  5 bats
  4 giant cockroaches
  9 hobgoblins
  4 kobolds
  A quokka (D:2)
  3 frilled lizards
  18 goblins
  A leopard gecko skeleton (D:4)
  5 rats
67 creatures vanquished.

Vanquished Creatures (others)
  A goblin (D:2)
1 creature vanquished.

Grand Total: 68 creatures vanquished

Notes
Turn   | Place    | Note
-------+----------+-------------------------------------------
     0 | D:1      | Curus the Minotaur Gladiator began the quest for the Orb.
     0 | D:1      | Reached XP level 1. HP: 18/18 MP: 0/0
    54 | D:1      | Reached skill level 4 in Axes
    88 | D:1      | Reached XP level 2. HP: 11/25 MP: 1/1
   623 | D:1      | Reached skill level 5 in Axes
   662 | D:1      | Reached XP level 3. HP: 28/30 MP: 2/2
  1385 | D:2      | Noticed Robin
  1394 | D:2      | Reached XP level 4. HP: 17/37 MP: 3/3
  1395 | D:2      | Reached skill level 6 in Axes
  1445 | D:2      | Killed Robin
  1836 | D:2      | Found a glowing golden altar of the Shining One.
  2071 | D:2      | Found a basalt altar of Yredelemnul.
  2089 | D:2      | Noticed an angel
  2579 | D:4      | Reached XP level 5. HP: 42/42 MP: 4/4
  2600 | D:4      | Reached skill level 7 in Axes
  2605 | D:4      | Found a radiant altar of Vehumet.
  2605 | D:4      | Noticed a frost-covered statue
  2654 | D:4      | Reached skill level 8 in Axes
  2656 | D:4      | Noticed Grinder
  2686 | D:4      | Killed from afar by Grinder

Levels and vault maps discovered:
D:1:      minmay_arrival_nine_rooms, layout_loops_corners,
          minmay_misc_feat_encased, minmay_misc_feat_columns
D:2:      layout_basic, grunt_temple_overflow_holy_war, uniq_robin
D:3:      minmay_wonky_spiral, layout_rooms, minmay_fountain_box
D:4:      layout_gridville, vehumet_statue, lightli_temple_of_fire,
          minmay_temple_entry_antechambers, serial_shops,
          nicolae_shop_temple_entry_statues_fountains, minmay_manual_monstrance,
          uniq_edmund, uniq_grinder, uniq_natasha

Skill      XL: |  1  2  3  4  5 |
---------------+----------------+-----
Axes           | 4 5 6 8 |  8.0
Fighting       | |  2.4
Throwing       | |  2.0
Dodging        | |  3.2

Action                   |  1- 3 |  4- 6 || total
-------------------------+-------+-------++-------
Melee: War axe           |    70 |    59 ||   129
       Headbutt          |     8 |     8 ||    16
  Use: Scroll            |     5 |     4 ||     9
       Potion            |     4 |     3 ||     7
  Eat: Chunk             |     1 |     4 ||     5
Armor: Leather armour    |    13 |     8 ||    21
       Ring mail         |       |     6 ||     6
Dodge: Dodged            |    46 |    33 ||    79
Block: Other             |       |     3 ||     3
